 Dungeon Crawl Stone Soup version 0.30-b1-2-g02819fbbbe (webtiles) character file.

Game seed: 4437757365812138398

1722 sanka the Basher (level 9, -15/87 HPs)
             Began as an Ogre Delver on May 10, 2023.
             Was a Believer of Trog.
             Killed from afar by Maggie (24 damage)
             ... with a bolt of fire
             ... on level 7 of the Dungeon.
             The game lasted 00:13:23 (6689 turns).

sanka the Basher (Ogre Delver)                      Turns: 6689, Time: 00:13:23

Health: -15/87     AC:  3    Str: 22    XL:     9   Next: 4%
Magic:  9/9        EV: 10    Int: 11    God:    Trog [**....]
Gold:   192        SH:  0    Dex: 16    Spells: 8/8 levels left

rFire   . . .        a - +0 giant club
rCold   . . .        (shield currently unavailable)
rNeg    . . .        b - +0 robe
rPois   .            (helmet restricted)
rElec   .            (no cloak)
rCorr   .            (gloves unavailable)
SInv    +            (boots unavailable)
Will    .....        (no amulet)
Stlth   +++          n - +6 ring of dexterity
HPRegen 0.34/turn    u - ring of see invisible
MPRegen 0.11/turn

%: no passive effects
@: mesmerised
A: large, unfitting armour, tough skin 1
a: Renounce Religion, Berserk, Trog's Hand


You were on level 7 of the Dungeon.
You worshipped Trog.
Trog was pleased with you.
You visited 1 branch of the dungeon, and saw 7 of its levels.

You collected 192 gold pieces.

Inventory:

Hand Weapons
 a - a +0 giant club (weapon)
 s - a +1 dagger of venom
 w - the +4 quarterstaff of Vidih {venom, Contam rElec rF+ Dex+4}
   (You found it on level 6 of the Dungeon)

   Dex:       It affects your dexterity (+4).
   rF:        It protects you from fire.
   rElec:     It insulates you from electricity.
   Contam:    It causes magical contamination when unequipped.
 E - a +0 morningstar
Missiles
 j - 4 javelins
 o - 8 poisoned darts (quivered)
 F - a throwing net {=f}
Armour
 b - a +0 robe (worn)
Jewellery
 m - a ring of ice
 n - a +6 ring of dexterity (left hand)
 u - a ring of see invisible (right hand)
Wands
 g - a wand of digging (3)
 q - a wand of acid (7)
 y - a wand of mindburst (17)
 B - a wand of charming (8)
 G - a wand of roots (8)
Scrolls
 c - 3 scrolls of fog
 d - 6 scrolls of magic mapping
 e - 2 scrolls of fear
 h - 2 scrolls of enchant armour
 i - 3 scrolls of teleportation {@r4}
 k - 2 scrolls of enchant weapon
 p - a scroll of brand weapon
 r - a scroll of silence {!r}
 t - a scroll of noise {!r}
 A - a scroll of acquirement {unknown}
 C - a scroll of vulnerability {unknown}
Potions
 f - 2 potions of haste {@q3}
 l - 3 potions of flight {unknown}
 v - 2 potions of attraction {unknown}
 x - 2 potions of heal wounds {@q2}
 z - a potion of magic {unknown}
 D - 3 potions of curing {unknown}


   Skills:
 + Level 4.8 Fighting
 * Level 10.3 Maces & Flails
 - Level 1.7 Dodging
 - Level 3.7 Stealth


You had 8 spell levels left.
You didn't know any spells.
Your spell library contained the following spells:

 Spells                   Type           Power      Damage    Failure   Level
 Beastly Appendage        Tmut           0%         N/A       34%         1
 Wereblood                Tmut           0%         N/A       47%         2
 Spider Form              Tmut/Pois      0%         N/A       71%         3


Dungeon Overview and Level Annotations

Branches:
Dungeon (7/15)             Temple (0/1) D:5

Altars:
Okawaru
Trog
Uskayaw
Yredelemnul
The Shining One

Annotations:
D:5 1 runed translucent door, exclusion: water moccasin, Crazy Yiuf
D:6 exclusion: manticore
D:7 Maggie


Innate Abilities, Weirdness & Mutations

You are too large for most types of armour.
You have tough skin. (AC +1)


Message History

You sock the orc!
You kill the orc!
Trog accepts your kill.
You see here a +0 whip.
You open the door.
There is an open door here.
Maggie the Vainglorious comes into view.
She is wielding a +3 broad axe.
Maggie shouts!
Maggie says, "Fear not.
I will immortalize you in the tale of my first kill."
Maggie gestures wildly while chanting.
Maggie attempts to bespell you!
You are mesmerised by Maggie!
You are too mesmerised to rage.
You bludgeon Maggie!!
Maggie is moderately wounded.
Maggie hits you with a +3 broad axe!
You closely miss Maggie.
Maggie is moderately wounded.
Maggie says, "Leave now, and tell all of Margery's mercy!"
Maggie closely misses you.
You closely miss Maggie.
Maggie is moderately wounded.
Maggie hits you with a +3 broad axe!
You barely miss Maggie.
Maggie is moderately wounded.
Maggie hits you with a +3 broad axe!
You bludgeon Maggie!!
Maggie is severely wounded.
Maggie hits you with a +3 broad axe!
You sock Maggie!
Maggie is almost dead.
Maggie says, "If you die in the Dungeon, but nobody's around to see it, does it really matter?"
Maggie casts a spell at you. The bolt of fire hits you!!
* * * LOW HITPOINT WARNING * * *
You barely miss Maggie.
Maggie is almost dead.
Maggie gestures at you while chanting. The bolt of fire hits you!!
You die...

###############
#.............#
#####.########+##'##
#...#.# ###.......
#...#.# #.'.......
#..@#.# ###.......
#..@#.# #.......
##...#.# #.......
#......# ##......
##.##### ##...... #.
........ #.
......... #
.###..... #.....
#.....


You could see Maggie (mesmerising).

Vanquished Creatures
  A troll (D:7)
  2 steam dragons
  2 ogres
  An orc warrior (D:7)
  A sky beast (D:5)
  2 centaurs (D:6)
  Blork the orc (D:6)
  3 scorpions
  A jelly (D:6)
  A hound (D:4)
  3 orc priests
  3 iguanas
  2 orc wizards (D:4)
  Robin (D:1)
  4 gnolls (D:6)
  7 adders
  An ufetubus (D:4)
  3 worms
  A dart slug (D:1)
  9 orcs
  5 bats
  7 endoplasms
  2 giant cockroaches
  9 hobgoblins
  3 jackals (D:3)
  15 kobolds
  3 quokkas
  14 ball pythons
  8 frilled lizards
  16 goblins
  4 rats
135 creatures vanquished.

Notes
Turn   | Place    | Note
-------+----------+-------------------------------------------
     0 | D:5      | sanka the Ogre Delver began the quest for the Orb.
     0 | D:5      | Reached XP level 1. HP: 24/24 MP: 1/1
    24 | D:4      | Noticed an orc wizard
    30 | D:4      | Noticed an orc wizard
    39 | D:3      | Reached skill level 2 in Maces & Flails
   130 | D:1      | Reached XP level 2. HP: 30/32 MP: 2/2
   137 | D:1      | Found a faded altar of an unknown god.
   145 | D:1      | Prayed at the altar of an unknown god.
   145 | D:1      | Became a worshipper of Trog the Wrathful
   145 | D:1      | Reached * piety under Trog
   479 | D:1      | Reached skill level 3 in Maces & Flails
   537 | D:1      | Reached XP level 3. HP: 35/39 MP: 3/3
  1087 | D:2      | Noticed Robin
  1123 | D:2      | Reached ** piety under Trog
  1193 | D:1      | Killed Robin
  1194 | D:1      | Reached XP level 4. HP: 36/48 MP: 4/4
  1330 | D:2      | Reached skill level 4 in Maces & Flails
  2246 | D:3      | Reached XP level 5. HP: 50/54 MP: 5/5
  2397 | D:3      | Found a basalt altar of Yredelemnul.
  2397 | D:3      | Found a hide-covered altar of Uskayaw.
  2602 | D:3      | Found a glowing golden altar of the Shining One.
  2881 | D:4      | Reached skill level 5 in Maces & Flails
  3284 | D:4      | Reached XP level 6. HP: 40/62 MP: 6/6
  3449 | D:4      | Reached skill level 6 in Maces & Flails
  3708 | D:4      | Reached *** piety under Trog
  4137 | D:5      | Found a runed translucent door.
  4138 | D:5      | Noticed Crazy Yiuf
  4220 | D:5      | Noticed a water moccasin
  4364 | D:5      | Found a staircase to the Ecumenical Temple.
  4711 | D:5      | Reached XP level 7. HP: 70/70 MP: 7/7
  4750 | D:5      | Reached skill level 7 in Maces & Flails
  5103 | D:6      | Noticed Blork the orc
  5464 | D:6      | Killed Blork the orc
  5465 | D:6      | Reached skill level 8 in Maces & Flails
  5503 | D:6      | Reached XP level 8. HP: 78/78 MP: 8/8
  5582 | D:6      | Found an iron altar of Okawaru.
  5714 | D:6      | Identified the +4 quarterstaff of Vidih {venom, Contam
                  | rElec rF+ Dex+4}
  5802 | D:6      | Noticed a manticore
  6000 | D:6      | Reached skill level 9 in Maces & Flails
  6437 | D:7      | Reached skill level 10 in Maces & Flails
  6489 | D:7      | Noticed a troll
  6505 | D:7      | Killed a troll
  6506 | D:7      | Reached XP level 9. HP: 68/87 MP: 9/9
  6680 | D:7      | Noticed Maggie
  6689 | D:7      | Killed from afar by Maggie

Illustrated notes

Levels and vault maps discovered:
D:1:      moated_graveyard_arrival, layout_loops_ring,
          shapermc_ecumenical_altar_notcrosses
D:2:      layout_loops_corners, grunt_ministairs_2, nrook_campfire,
          minmay_liquid_box, uniq_robin
D:3:      layout_rooms, gammafunk_temple_overflow_elements, tso_oasis_becter,
          corner_web_ring
D:4:      layout_cave_pools
D:5:      layout_gridville, minmay_temple_entry_proselytizer, dk_noncrumbling_3,
          uniq_crazy_yiuf_cottage
D:6:      layout_basic, lemuel_doored_altar, uniq_blork_the_orc
D:7:      minmay_the_grid_triangle_9x9_recursive_2
          [minmay_the_grid_triangle_9x9_prize_special,
          minmay_the_grid_triangle_9x9_shrine,
          minmay_the_grid_triangle_9x9_empty,
          minmay_the_grid_triangle_9x9_corrupted_corridor], layout_basic,
          mainiacjoe_overflow_tiny_flanked, uniq_maggie

Skill      XL: |  1  2  3  4  5  6  7  8 |
---------------+-------------------------+-----
Maces & Flails | 2 3 4 5 6 8 10 | 10.3
Fighting       | |  4.8
Dodging        | |  1.7
Stealth        | |  3.7

Action                     |  1- 3 |  4- 6 |  7- 9 || total
---------------------------+-------+-------+-------++-------
  Melee: Mace              |    95 |   204 |       ||   299
         Punch             |     2 |     3 |       ||     5
         Morningstar       |       |    33 |     4 ||    37
         Unarmed           |       |     4 |       ||     4
         Giant club        |       |       |    61 ||    61
  Throw: Dart              |     3 |     7 |     9 ||    19
 Invoke: Berserk           |       |     2 |     7 ||     9
         Trog's Hand       |       |     1 |       ||     1
    Use: Scroll            |       |     5 |     3 ||     8
         Potion            |       |     2 |       ||     2
   Stab: Sleeping          |    10 |    11 |     3 ||    24
 Armour: Robe              |    32 |    66 |    11 ||   109
         Skin              |       |     7 |       ||     7
  Dodge: Dodged            |    38 |   114 |    34 ||   186
